 Dungeon Crawl Stone Soup version 0.27.1-34-g3ba077fa99 (webtiles) character file.

Game seed: 2650969517264122174

36 Delamore the Sneak (level 3, -3/36 HPs)
             Began as an Octopode Brigand on Feb 12, 2022.
             Frozen to death by an endoplasm (5 damage)
             ... on level 2 of the Dungeon.
             The game lasted 00:00:51 (1460 turns).

Delamore the Sneak (Octopode Brigand)               Turns: 1460, Time: 00:00:52

Health: -3/36      AC: 21    Str: 10    XL:     3   Next: 37%
Magic:  3/3        EV:  2    Int: 13    God:
Gold:   19         SH:  0    Dex: 14    Spells: 2/2 levels left

rFire    . . .     SeeInvis .   a - +2 dagger
rCold    . . .     Faith    .   (no shield)
rNeg     + + +     Spirit   .   (helmet currently unavailable)
rPois    +         Reflect  .   (no amulet)
rElec    .         Harm     .   (no ring)
rCorr    .         Rampage  .   (no ring)
Will     .....     NoTele   +   (no ring)
Stlth    +++.......             (no ring)
HPRegen  0.12/turn              (no ring)
MPRegen  0.08/turn              (no ring)
                                (no ring)
                                (no ring)

@: tree-form
A: stationary, stasis, torment immunity, boosted hp, almost no armour,
(amphibious), 8 rings, (camouflage 1), (gelatinous body 1), (nimble swimmer 1),
(tentacles)
a: no special abilities


You were on level 2 of the Dungeon.
You were a tree.
You visited 1 branch of the dungeon, and saw 2 of its levels.

You collected 19 gold pieces.

Inventory:

Hand Weapons
 a - a +2 dagger (weapon)
Missiles
 b - 18 poisoned darts (quivered)
 c - 2 curare-tipped darts
Potions
 d - a potion of lignification
 e - a potion of degeneration {unknown}
 f - a potion of flight {unknown}


   Skills:
 - Level 2.0 Fighting
 + Level 2.6 Short Blades
 - Level 2.0 Throwing
 - Level 1.0 Dodging
 * Level 6.5 Stealth


You had 2 spell levels left.
You didn't know any spells.
Your spell library contained the following spells:

 Spells                   Type           Power      Damage    Failure   Level
 Dispersal                Tloc           0%         N/A       100%        6
 Disjunction              Tloc           0%         N/A       100%        8


Dungeon Overview and Level Annotations

Branches:
Dungeon (2/15)

Altars:


Innate Abilities, Weirdness & Mutations

You are a tree.
Your roots penetrate the ground, keeping you stationary.
You cannot be teleported.
You are immune to unholy pain and torment.
Your maximum health is greatly increased.
You cannot wear most types of armour.
((You are amphibious.))
You can wear up to eight rings at the same time.
((Your skin changes colour to match your surroundings (Stealth+).))
((Your rubbery body absorbs attacks. (AC +1, EV +1)))
((You are camouflaged near water. (Stealth+)))
((You have tentacles for arms and can constrict up to eight enemies at once.))


Message History

The hobgoblin hits you but does no damage.
You closely miss the hobgoblin.
The hobgoblin is heavily wounded.
The hobgoblin hits you but does no damage.
You hit the hobgoblin.
You kill the hobgoblin!
You hit the worm.
The worm is moderately wounded.
You hit the worm.
The worm is moderately wounded.
The worm bites you but does no damage.
You barely miss the worm.
The worm is moderately wounded.
You hit the worm.
The worm is moderately wounded.
The worm bites you.
* * * LOW HITPOINT WARNING * * *
You hit the worm.
The worm is moderately wounded.
The worm bites you but does no damage.
You hit the worm.
The worm is severely wounded.
You hit the worm.
The worm is severely wounded.
The worm bites you but does no damage.
You hit the worm.
The worm is severely wounded.
You hit the worm.
You kill the worm!
The bat hits you but does no damage.
You hit the bat.
You kill the bat!
You completely miss the endoplasm. You barely miss the endoplasm.
The endoplasm hits you but does no damage.
You hit the endoplasm.
The endoplasm is moderately wounded.
The endoplasm freezes you.
You are frozen.
You die...

#.#.........# #.#.# # #
##'#'#######.#. ..#.. . ..
#.†).........#.##.#.#.#.#
#.......######.##...#... .
#.......#......##.#... ..#
#.......#...#.....#.#..?..
#....<..#...#..##........#
#.......#...##.##.#.##.#.#
#.......'...'..♣J........
#.......#...#..##.###.##.
#.......#...#...........
#########...#..####.###.#
#####$.# .# .# ##.. . .
#### #


You could see an endoplasm.

Vanquished Creatures
  A worm (D:2)
  4 ball pythons
  5 endoplasms
  A giant cockroach (D:1)
  2 goblins
  2 hobgoblins
  2 jackals (D:1)
  2 quokkas
  2 bats
  2 frilled lizards (D:1)
  5 kobolds (D:1)
  2 rats
30 creatures vanquished.

Notes
Turn   | Place    | Note
-------+----------+-------------------------------------------
     0 | D:1      | Delamore the Octopode Brigand began the quest for the Orb.
     0 | D:1      | Reached XP level 1. HP: 14/14 MP: 1/1
   329 | D:1      | Reached XP level 2. HP: 15/19 MP: 2/2
   431 | D:1      | Found a faded altar of an unknown god.
   550 | D:1      | Reached skill level 6 in Stealth
  1271 | D:2      | Reached XP level 3. HP: 24/24 MP: 3/3
  1451 | D:2      | HP: 1/36 [worm (5)]
  1460 | D:2      | Frozen to death by an endoplasm

Illustrated notes

Levels and vault maps discovered:
D:1:      elethiomel_arrival_infinity_welcomes_careful_drivers,
          layout_loops_cross, ebering_ecumenical_altar_mist, minmay_tripent
D:2:      layout_basic, minmay_diced_spiral

Skill      XL: |  1  2 |
---------------+-------+-----
Stealth        | 6 |  6.5
Fighting       | |  2.0
Short Blades   | |  2.6
Throwing       | |  2.0
Dodging        | |  1.0

Action                   || total
-------------------------++-------
Melee: Dagger            ||    79
       Constrict         ||    10
       Tentacles         ||     9
  Use: Potion            ||     1
 Stab: Sleeping          ||     8
Armor: Skin              ||    15
Dodge: Dodged            ||    23
